 Dungeon Crawl Stone Soup version 0.18.1-8-gdd0e5ea (webtiles) character file.

65 juanjsm the Insei (level 4, -7/28 HPs)
             Began as an Octopode Transmuter on June 7, 2016.
             Mangled by an orc
             ... wielding a +0 hand axe
              (8 damage)
             ... on level 3 of the Dungeon.
             The game lasted 00:06:05 (2112 turns).

juanjsm the Insei (Octopode Transmuter)             Turns: 2112, Time: 00:06:07

Health: -7/28      AC:  2    Str:  9    XL:     4   Next: 14%
Magic:  3/7        EV: 20    Int: 16    God:
Gold:   59         SH:  0    Dex: 17    Spells: 3 memorised, 2 levels left

rFire  . . .     SeeInvis .       - Unarmed
rCold  . . .     Gourm    .     (shield currently unavailable)
rNeg   . . .     Faith    .     (helmet currently unavailable)
rPois  x         Spirit   .     (no amulet)
rElec  .         Dismiss  .     (no ring)
rCorr  .         Reflect  .     (no ring)
SustAt .         Harm     .     (no ring)
MR     .....                    (no ring)
Stlth  ++........               (no ring)
                                (no ring)
                                (no ring)
                                (no ring)

@: spider-form (expiring), not resistant to hostile enchantments, unstealthy
A: almost no armour, (amphibious), 8 rings, (constrict 8), (camouflage 0),
(gelatinous body 0)
a: End Transformation


You were on level 3 of the Dungeon.
You were not hungry.
You were a venomous arachnid creature.
You visited 1 branch of the dungeon, and saw 4 of its levels.

You collected 59 gold pieces.

Inventory:

Hand Weapons
 j - a +0 hunting sling
Missiles
 a - 12 arrows
 k - 26 sling bullets
Scrolls
 d - 3 scrolls of enchant armour {unknown}
 e - 2 scrolls of fear {unknown}
 f - a scroll of immolation {unknown}
 g - a scroll of enchant weapon {unknown}
 i - a scroll of recharging {unknown}
 l - a scroll of remove curse {unknown}
 m - a scroll of identify {unknown}
Books
 b - a book of Changes

   Spells                             Type                      Level
   a - Beastly Appendage              Transmutation                1
   b - Sticks to Snakes               Transmutation                2
   c - Spider Form                    Transmutation/Poison         3
   d - Ice Form                       Ice/Transmutation            4
   e - Blade Hands                    Transmutation                5
Comestibles
 c - 3 bread rations
 h - a beef jerky


   Skills:
 + Level 1.2 Fighting
 + Level 2.6 Dodging
 + Level 1.7 Stealth
 + Level 3.5 Unarmed Combat
 + Level 2.6 Spellcasting
 + Level 2.2 Transmutations


You had 2 spell levels left.
You knew the following spells:

 Your Spells              Type           Power        Failure   Level  Hunger
a - Beastly Appendage     Trmt           #.....       24%         1    #......
b - Spider Form           Trmt/Pois      #.........   61%         3    ###....
c - Sticks to Snakes      Trmt           #.......     32%         2    ##.....


Dungeon Overview and Level Annotations

Branches:
Dungeon (4/15)
 Temple: D:4-7

Altars:
Nemelex Xobeh
Ru
The Shining One


Innate Abilities, Weirdness & Mutations

You cannot wear most types of armour.
((You are amphibious.))
You can wear up to eight rings at the same time.
((You can use your tentacles to constrict eight enemies at once.))
((Your skin changes colour to match your surroundings (Stealth).))
((Your rubbery body absorbs attacks (AC +1).))


Message History

You constrict the orc, but do no damage.
The orc hits you with a hand axe.
* * * LOW HITPOINT WARNING * * *
You tentacle-slap the orc but do no damage.
Your tentacle spike misses the orc.
The orc is lightly wounded.
You constrict the orc, but do no damage.
The orc hits you with a hand axe.
* * * LOW HITPOINT WARNING * * *
You aren't carrying any potions.
Read which item? (? for menu, Esc to quit)
Okay, then.
Casting: Beastly Appendage
Confirm with . or Enter, or press ? or * to list all spells.
Your tentacle spike disappears.
You turn into a venomous arachnid creature.
You lose your grip on the orc.
Your transformation is almost over.
The orc hits you with a hand axe!
You die...

........##.....##....#
...# #.#.......#....#
#..# #.#.......#.##.#
..# #....._.....# .#
#.......#.##.#
#.......#....# #
##.....##.###
....####g####...#
.......)gJgos...#
......)########.#
....... . .......
....... ......# ......
####..


You could see an ooze, an orc, a hobgoblin and 2 goblins.

Vanquished Creatures
  2 adders (D:2)
  An ooze (D:2)
  2 worms (D:3)
  2 dart slugs
  A giant gecko (D:3)
  2 orcs (D:3)
  A giant cockroach (D:1)
  5 hobgoblins
  2 kobolds
  2 bats (D:1)
  4 giant newts
  4 goblins
  6 rats
34 creatures vanquished.

Vanquished Creatures (others)
  A rat (D:3)
1 creature vanquished.

Grand Total: 35 creatures vanquished

Notes
Turn   | Place    | Note
--------------------------------------------------------------
     0 | D:1      | juanjsm the Octopode Transmuter began the quest for the Orb.
     0 | D:1      | Reached XP level 1. HP: 13/13 MP: 3/3
   423 | D:1      | Reached XP level 2. HP: 18/18 MP: 3/5
   677 | D:2      | Reached XP level 3. HP: 1/23 MP: 4/6
   682 | D:2      | Learned a level 3 spell: Spider Form
   685 | D:2      | Learned a level 2 spell: Sticks to Snakes
  1054 | D:2      | Found a glowing golden altar of the Shining One.
  1316 | D:1      | Reached skill level 1 in Stealth
  1497 | D:2      | HP: 1/34 [poisoned by an adder]
  1888 | D:3      | Reached XP level 4. HP: 23/28 MP: 5/7
  1977 | D:3      | Found a sacrificial altar of Ru.
  2091 | D:3      | Found a sparkling altar of Nemelex Xobeh.
  2111 | D:3      | HP: 1/28 [orc/hand axe (2)]
  2112 | D:3      | Mangled by an orc

Skill      XL: |  1  2  3 |
---------------+----------+-----
Stealth        | 1 |  1.7
Fighting       | |  1.2
Dodging        | |  2.6
Unarmed Combat | |  3.5
Spellcasting   | |  2.6
Transmutations | |  2.2

Action                   |  1- 3 |  4- 6 || total
-------------------------+-------+-------++-------
Melee: Unarmed           |    75 |    15 ||    90
       Constrict         |    17 |     6 ||    23
       Kick              |    15 |     6 ||    21
       Tentacles         |    11 |     2 ||    13
       Punch             |     1 |       ||     1
 Cast: Beastly Appendage |    20 |     4 ||    24
       Spider Form       |       |     1 ||     1
  Use: Potion            |     1 |       ||     1
 Stab: Sleeping          |     4 |     1 ||     5
  Eat: Chunk             |     3 |     1 ||     4
Armor: Skin              |     2 |     2 ||     4
Dodge: Dodged            |    42 |     3 ||    45
